 Dungeon Crawl Stone Soup version 0.30.0-5-g1a98f26d00 (webtiles) character file.

Game seed: 17583005142767543346

87 Leibowitz the Chopper (level 4, -4/37 HPs)
             Began as a Minotaur Gladiator on May 12, 2023.
             Slain by an orc
             ... wielding a +0 morningstar
              (8 damage)
             ... on level 3 of the Dungeon.
             The game lasted 00:04:03 (1725 turns).

Leibowitz the Chopper (Minotaur Gladiator)          Turns: 1725, Time: 00:04:03

Health: -4/37      AC:  3    Str: 21    XL:     4   Next: 28%
Magic:  3/3        EV: 12    Int:  5    God:
Gold:   72         SH:  0    Dex: 11    Spells: 3/3 levels left

rFire   . . .        a - +0 war axe
rCold   . . .        (no shield)
rNeg    . . .        b - +0 leather armour
rPois   .            c - +0 hat
rElec   .            (no cloak)
rCorr   .            (no gloves)
SInv    .            (no boots)
Will    .....        (no amulet)
Stlth   +            (no ring)
HPRegen 0.26/turn    (no ring)
MPRegen 0.08/turn

%: no passive effects
@: no status effects
A: horns 2, retaliatory headbutt
a: no special abilities


You were on level 3 of the Dungeon.
You visited 1 branch of the dungeon, and saw 3 of its levels.

You collected 72 gold pieces.

Inventory:

Hand Weapons
 a - a +0 war axe (weapon)
Missiles
 d - 3 throwing nets (quivered)
 e - 3 javelins
Armour
 b - a +0 leather armour (worn)
 c - a +0 hat (worn)
Scrolls
 j - a scroll of poison {unknown}
 k - a scroll of brand weapon {unknown}
 m - a scroll of enchant weapon {unknown}
 n - a scroll of immolation {unknown}
Potions
 f - a potion of heal wounds {unknown}
 g - 4 potions of curing {unknown}
 h - 2 potions of haste {unknown}
 i - 2 potions of lignification {unknown}
 l - a potion of flight {unknown}
 o - a potion of mutation {unknown}


   Skills:
 * Level 2.8 Fighting
 * Level 5.1 Axes
 - Level 2.0 Throwing
 * Level 1.4 Armour
 * Level 4.0 Dodging


You had 3 spell levels left.
You didn't know any spells.
Your spell library contained the following spells:

 Spells                   Type           Power      Damage    Failure   Level
 Vhi's Electric Charge    Tloc/Air       0%         N/A       88%         3
 Arcjolt                  Conj/Air       0%         1d10      100%        5
 Maxwell's Capacitive Co  Air            0%         ∞         100%        8


Dungeon Overview and Level Annotations

Branches:
Dungeon (3/15)

Altars:
Elyvilon


Innate Abilities, Weirdness & Mutations

You have a pair of horns on your head.
You reflexively headbutt those who attack you in melee.


Message History

You hit the orc but do no damage. You hit the adder. The adder bites you.
A rat comes into view.
Something hits you but does no damage. The orc misses you.
The adder barely misses you.
You closely miss something. Your headbutt misses something.
You hit the orc but do no damage. You hit the adder.
Something hits you but does no damage. The orc misses you. The adder bites you.
You are poisoned.
The adder poisons you!
You barely miss something. Your headbutt misses something.
You barely miss the adder. You hit the orc but do no damage.
You feel very sick. The adder closely misses you.
Something hits you but does no damage. The orc barely misses you.
The adder bites you but does no damage. The rat bites you but does no damage.
The orc barely misses you.
You hear some strange, mumbled words.
A puff of flame appears from out of thin air!
The puff of flame hits you.
You miss something. You slash the adder!
You kill the adder!
You slash the rat!
You kill the rat!
You barely miss the orc.
You feel sick. The orc barely misses you.
Something hits you but does no damage.
You barely miss something. You closely miss the orc.
You feel sick. Something hits you.
* * * LOW HITPOINT WARNING * * *
The orc hits you with a +0 morningstar.
* * * LOW HITPOINT WARNING * * *
Unknown command.
You barely miss something. Your headbutt misses something.
You hit the orc but do no damage.
You feel sick. Something hits you but does no damage.
The orc barely misses you. You furiously retaliate!
You headbutt the orc. You slash something!
Reactivating autopickup.
You feel a bit more experienced.
You hit the orc.
You feel sick.
You are no longer poisoned.
The orc hits you with a +0 morningstar!
You die...

. ... ### ... ..# ...
#.# ...###### #.#
......<.# #.#######
........###
###...>....
###.......##
#.......(..
#......#.###.o@)......
#.....###.##..#)#.####
####.## ##....#.#
##.###.....#..
##.#.#.#######
##.##... #######.# #


You could see an orc.

Vanquished Creatures
  An orc wizard (D:3)
  4 adders
  A worm (D:2)
  2 dart slugs
  An orc (D:3)
  6 endoplasms
  4 goblins (D:1)
  4 hobgoblins
  4 jackals (D:2)
  3 kobolds
  A quokka (D:2)
  3 ball pythons
  4 bats
  4 frilled lizards
  3 rats
45 creatures vanquished.

Notes
Turn   | Place    | Note
-------+----------+-------------------------------------------
     0 | D:1      | Leibowitz the Minotaur Gladiator began the quest for the
                  | Orb.
     0 | D:1      | Reached XP level 1. HP: 18/18 MP: 0/0
   200 | D:1      | Reached skill level 4 in Axes
   200 | D:1      | Reached XP level 2. HP: 25/25 MP: 1/1
   488 | D:1      | Found a faded altar of an unknown god.
   959 | D:2      | Reached XP level 3. HP: 30/30 MP: 2/2
  1159 | D:2      | Found a white marble altar of Elyvilon.
  1175 | D:2      | Reached skill level 1 in Armour
  1691 | D:3      | Reached skill level 5 in Axes
  1691 | D:3      | Reached XP level 4. HP: 37/37 MP: 3/3
  1725 | D:3      | Slain by an orc

Illustrated notes

Levels and vault maps discovered:
D:1:      dpeg_arrival_refuge, layout_loops_ring,
          dreamdust_ecumenical_altar_hidden_monk_grotto
D:2:      layout_basic, basic_altar, minivault_14
D:3:      layout_loops_cross

Skill      XL: |  1  2  3 |
---------------+----------+-----
Axes           | 4 5 |  5.1
Armour         | 1 |  1.4
Dodging        | 4 |  4.0
Fighting       | |  2.8
Throwing       | |  2.0

Action                     |  1- 3 |  4- 6 || total
---------------------------+-------+-------++-------
  Melee: War axe           |    83 |    10 ||    93
         Headbutt          |    10 |       ||    10
         Punch             |     1 |       ||     1
 Armour: Leather armour    |    22 |     7 ||    29
  Dodge: Dodged            |    54 |    11 ||    65
